 Dungeon Crawl Stone Soup version 0.29-a0-732-g3d7fbe0af2 (webtiles) character file.

Game seed: 15912779237958442275

751 Mgcat the Trooper (level 7, -1/75 HPs)
             Began as an Ogre Fighter on June 29, 2022.
             Slain by a yak (11 damage)
             ... on level 4 of the Dungeon.
             The game lasted 00:05:45 (5306 turns).

Mgcat the Trooper (Ogre Fighter)                    Turns: 5306, Time: 00:05:45

Health: -1/75      AC:  3    Str: 23    XL:     7   Next: 78%
Magic:  7/7        EV:  9    Int:  9    God:
Gold:   205        SH:  7    Dex:  8    Spells: 6/6 levels left

rFire   . . .      SeeInvis .   a - +0 war axe
rCold   . . .      Faith    .   c - +0 kite shield
rNeg    . . .      Spirit   .   b - +0 robe
rPois   .          Reflect  .   (helmet restricted)
rElec   .          Harm     .   (no cloak)
rCorr   .          Rampage  .   (gloves unavailable)
Will    .....                   (boots unavailable)
Stlth   +.........              (no amulet)
HPRegen 0.22/turn               (no ring)
MPRegen 0.10/turn               (no ring)

@: about to teleport
A: large, unfitting armour, tough skin 1
a: no special abilities


You were on level 4 of the Dungeon.
You visited 1 branch of the dungeon, and saw 5 of its levels.

You collected 205 gold pieces.

Inventory:

Hand Weapons
 a - a +0 war axe (weapon)
Armour
 b - a +0 robe (worn)
 c - a +0 kite shield (worn)
Jewellery
 m - a ring of magical power {MP+9}
   (You found it on level 3 of the Dungeon)
Wands
 q - a wand of flame (14)
   (You took it off Grinder on level 4 of the Dungeon)
Scrolls
 e - 3 scrolls of identify
 f - a scroll of silence {unknown}
 h - a scroll of enchant weapon {unknown}
 n - a scroll of brand weapon {unknown}
 r - a scroll of fog {unknown}
Potions
 d - 2 potions of might
 g - a potion of resistance {unknown}
 i - a potion of cancellation {unknown}
 j - a potion of magic {unknown}
 l - 2 potions of curing {unknown}
 o - 3 potions of heal wounds {unknown}
 p - a potion of invisibility


   Skills:
 + Level 6.2 Fighting
 * Level 5.6 Axes
 + Level 4.3 Dodging
 + Level 4.7 Shields


You had 6 spell levels left.
You didn't know any spells.
Your spell library contained the following spells:

 Spells                   Type           Power      Damage    Failure   Level
 Ozocubu's Armour         Ice            0%         N/A       95%         3
 Metabolic Englaciation   Hex/Ice        0%         N/A       100%        5
 Simulacrum               Ice/Necr       0%         N/A       100%        6


Dungeon Overview and Level Annotations

Branches:
Dungeon (5/15)
 Temple: D:4-7

Altars:
Zin

Annotations:
D:4 1 runed translucent door, HoaS's ghost, novice TeHu


Innate Abilities, Weirdness & Mutations

You are too large for most types of armour.
You have tough skin. (AC +1)


Message History

You take 13 damage, and have 39/75 hp.
Spoiler Alert: The ogre can hit for high damage in melee!
You slash the ogre!
The ogre is almost dead.
You block the ogre's attack.
You hit the ogre.
You kill the ogre!
You start resting.
HP restored.
You regained 23 hp, and now have 63/75 hp.
You start resting.
HP restored.
Health restored: 75 You see here a +0 giant club.
Found a stone staircase leading down.
HoaS's ghost turns its malevolent gaze towards you.
Could not explore, unopened runed door.
Could not explore, unopened runed door.
Could not explore, unopened runed door.
Could not explore, unopened runed door.
Could not explore, unopened runed door.
Could not explore, unopened runed door.
Could not explore, unopened runed door.
Could not explore, unopened runed door.
Could not explore, unopened runed door.
Could not explore, unopened runed door.
Could not explore, unopened runed door.
Could not explore, unopened runed door.
Could not explore, unopened runed door.
Could not explore, unopened runed door.
Could not explore, unopened runed door.
Could not explore, unopened runed door.
(D) Dungeon
Where to? (Enter - D:4, ? - help)
What level of the Dungeon? (default 1, ? - help)
There is a stone staircase leading down here.
You climb downwards.
You hear the hiss of flowing sand.
There is an entrance to an ossuary on this level.
Hurry and find it before the portal is buried!
The yak bellows! x6
There is a stone staircase leading up here.
Danger x6: yak x6!
You climb upwards.
Level annotation: 1 runed translucent door, HoaS's ghost, novice TeHu
There is a stone staircase leading down here.
There is a stone staircase leading down here.
You climb downwards.
You hear the hiss of flowing sand.
There is an entrance to an ossuary on this level.
Hurry and find it before the portal is buried!
There is a stone staircase leading up here.
Unknown command.
Unknown command.
Unknown command.
As you read the scroll labelled TESODGHESOI, it crumbles to dust.
It is a scroll of identify.
p - a potion of invisibility
As you read the scroll labelled PEUCSOU BOPPO, it crumbles to dust.
You feel strangely unstable.
It was a scroll of teleportation.
You climb upwards.
Level annotation: 1 runed translucent door, HoaS's ghost, novice TeHu Your surroundings suddenly seem different.
The adder hisses angrily.
There is a stone staircase leading down here.
You climb downwards.
You hear the hiss of flowing sand.
There is an entrance to an ossuary on this level.
Hurry and find it before the portal is buried!
The yak bellows! x5
The yak barely misses you. x2; The yak gores you!
The yak gores you. The yak closely misses you. The yak gores you!
The yak bellows!
There is a stone staircase leading up, spattered with blood here.
You take 26 damage, and have 49/75 hp.
MASSIVE DAMAGE!!
Danger x6: yak x6!
Unknown command.
Unknown command.
The yak gores you! The yak gores you. The yak gores you!
You climb upwards.
Level annotation: 1 runed translucent door, HoaS's ghost, novice TeHu
There is a stone staircase leading down here.
You take 21 damage, and have 28/75 hp.
MASSIVE DAMAGE!!
Danger x4: yak x4!
Unknown command.
Unknown command.
As you read the scroll of teleportation, it crumbles to dust.
You feel strangely unstable. The yak gores you!
* * * LOW HITPOINT WARNING * * *
You block the yak's attack. The yak gores you!
* * * LOW HITPOINT WARNING * * *
The yak barely misses you.
You take 19 damage, and have 9/75 hp.
MASSIVE DAMAGE!!
Danger x4: yak x4!
Unknown command.
Unknown command.
Unknown command.
Unknown command.
Unknown command.
Unknown command.
Danger x4: yak x4!
The yak gores you!
You die...

..................#....##.###
.................###..##...##
.#.....#........###...#.##..## ##
.#.............##.......#....# #.
..##.#.#.......###....#......###.
#....#.#............###.....###..
+.#..........................#...
#.##...##...........##...........
......#####.....@Y...#..#.....#..
#.....# #.....YY.....#....###.#
#.##..#####.....Y....#.#....###..
..###..##............#.#.....#...
...#...#...............#.......#.
...#.#....................##.....
..........#...............##..###
....###.#........#.........#...##
#.#..####.......##.............)#


You could see 4 yaks.

Vanquished Creatures
  Grinder (D:4)
  An ogre (D:4)
  A jelly (D:4)
  A gnoll shaman (D:4)
  Jessica (D:2)
  Natasha (thrice) (D:2)
  An orc wizard (D:4)
  2 iguanas (D:4)
  Robin (D:2)
  8 gnolls
  4 adders
  An ufetubus (D:4)
  2 dart slugs
  2 orcs (D:4)
  10 bats
  4 endoplasms
  3 giant cockroaches
  10 goblins
  12 hobgoblins
  14 jackals
  2 quokkas (D:1)
  13 ball pythons
  A frilled lizard (D:3)
  4 kobolds
  6 rats
108 creatures vanquished.

Notes
Turn   | Place    | Note
-------+----------+-------------------------------------------
     0 | D:1      | Mgcat the Ogre Fighter began the quest for the Orb.
     0 | D:1      | Reached XP level 1. HP: 24/24 MP: 1/1
   238 | D:1      | Reached XP level 2. HP: 28/32 MP: 2/2
   629 | D:1      | Reached XP level 3. HP: 31/40 MP: 3/3
   757 | D:1      | HP: 9/40 [gnoll/+0 club (3)]
   760 | D:1      | Reached skill level 3 in Dodging
  1663 | D:2      | Reached skill level 3 in Axes
  1770 | D:2      | Reached XP level 4. HP: 45/49 MP: 4/4
  1860 | D:2      | Identified the +1 helmet of the End {Rampage Str-3 Int+3}
  1860 | D:2      | Noticed Robin
  1864 | D:2      | Killed Robin
  1871 | D:2      | Noticed Jessica
  1883 | D:2      | Killed Jessica
  2023 | D:2      | Reached XP level 5. HP: 55/55 MP: 5/5
  2160 | D:2      | Noticed Natasha
  2165 | D:2      | Killed Natasha
  2204 | D:2      | Found a faded altar of an unknown god.
  2210 | D:2      | Reached skill level 5 in Fighting
  2382 | D:2      | Noticed Natasha
  2386 | D:2      | Killed Natasha
  2619 | D:2      | Noticed Natasha
  2629 | D:2      | Killed Natasha
  2630 | D:2      | Reached skill level 4 in Axes
  3045 | D:3      | Reached XP level 6. HP: 66/66 MP: 6/6
  3668 | D:3      | Found a glowing silver altar of Zin.
  3737 | D:4      | Reached skill level 4 in Shields
  4213 | D:4      | Reached XP level 7. HP: 72/72 MP: 7/7
  4281 | D:4      | Noticed Grinder
  4325 | D:4      | Killed Grinder
  4326 | D:4      | Reached skill level 6 in Fighting
  4326 | D:4      | Reached skill level 5 in Axes
  4326 | D:4      | Reached skill level 4 in Dodging
  4579 | D:4      | Found a runed translucent door.
  4827 | D:4      | Noticed HoaS's ghost (novice TeHu)
  5260 | D:5      | Entered Level 5 of the Dungeon
  5260 | D:5      | Noticed a yak
  5260 | D:5      | Noticed a yak
  5260 | D:5      | Noticed a yak
  5260 | D:5      | Noticed a yak
  5260 | D:5      | Noticed a yak
  5260 | D:5      | Noticed a yak
  5305 | D:4      | HP: 9/75 [yak (11)]
  5306 | D:4      | Slain by a yak

Illustrated notes

Levels and vault maps discovered:
D:1:      nicolae_arrival_somewhat_less_tricky_arrival, layout_loops_corners
D:2:      layout_basic, hellmonk_ecumenical_altar_run_dry, uniq_natasha,
          uniq_jessica, uniq_robin
D:3:      layout_basic, zin_treasury
D:4:      layout_cave_pools, ebering_ghost_sewer_d, uniq_grinder
D:5:      layout_basic, grunt_qazlal_clouds, nicolae_ossuary_entry_giza,
          serial_shops, kennysheep_mini, serial_rivers,
          chequers_serial_rivers_marsh, chequers_serial_rivers_micro_c,
          chequers_serial_rivers_micro_d, chequers_serial_rivers_marsh,
          chequers_serial_rivers_large_b, chequers_serial_rivers_micro_e,
          moated_statue, minmay_a_box_with_orc_wizards_in_it

Skill      XL: |  1  2  3  4  5  6  7 |
---------------+----------------------+-----
Dodging        | 3 4 |  4.3
Axes           | 3 4 5 |  5.6
Fighting       | 5 6 |  6.2
Shields        | 4 |  4.7

Action                   |  1- 3 |  4- 6 |  7- 9 || total
-------------------------+-------+-------+-------++-------
Melee: War axe           |   130 |   163 |    42 ||   335
  Use: Potion            |     1 |     2 |     1 ||     4
       Scroll            |       |       |     3 ||     3
Armor: Robe              |    49 |    44 |     9 ||   102
Dodge: Dodged            |    57 |    62 |    23 ||   142
Block: Kite shield       |    43 |    52 |    27 ||   122

Table legend: (Time is in decaauts)
 A = Elapsed time spent in this place.
 B = Non-inter-level travel time spent in this place.
 C = Inter-level travel time spent in this place.
 D = Time resting spent in this place.
 E = Time spent auto-exploring this place.
 F = Levels seen in this place.
 G = Mean time per level.
                   A        B        C        D        E       F      G
               +--------+--------+--------+--------+--------+-----+--------+
         Total |   5457 |   5045 |    412 |   1332 |   2889 |   5 | 1091.4 |
       Dungeon |   5457 |   5045 |    412 |   1332 |   2889 |   5 | 1091.4 |
               +--------+--------+--------+--------+--------+-----+--------+

Top non-repeatable levels by time:
     D:1: 1714 daAuts
     D:4: 1641 daAuts
     D:3: 1075 daAuts
     D:2: 1017 daAuts
     D:5: 7 daAuts

Table legend:
 A = Kills in this place as a percentage of kills in entire the game.
 B = Kills by you in this place as a percentage of kills by you in the entire game.
 C = Kills by friends in this place as a percentage of kills by friends in the entire game.
 D = Other kills in this place as a percentage of other kills in the entire game.
 E = Experience gained in this place as a percentage of experience gained in the entire game.
 F = Experience gained in this place divided by the number of levels of this place that you have seen.
                   A       B       C       D       E      F
               +-------+-------+-------+-------+-------+----------------------
         Total | 100.0 | 100.0 |   N/A |   N/A | 100.0 | 214.8
       Dungeon | 100.0 | 100.0 |   N/A |   N/A | 100.0 | 214.8
               +-------+-------+-------+-------+-------+----------------------
